 Dungeon Crawl Stone Soup version 0.29-a0-378-gc08b2e8bf8 (webtiles) character file.

Game seed: 7692198427127008211

31 lesaewzxc the Bolt Thrower (level 3, -5/20 HPs)
             Began as a Kobold Arcane Marksman on May 4, 2022.
             Was a Follower of Ru.
             Slain by an iguana (7 damage)
             ... on level 3 of the Dungeon.
             The game lasted 00:11:19 (1158 turns).

lesaewzxc the Bolt Thrower (Kobold Arcane Marksman) Turns: 1158, Time: 00:11:19

Health: -5/20      AC:  2    Str:  9    XL:     3   Next: 40%
Magic:  5/5        EV: 15    Int: 14    God:    Ru [*.....]
Gold:   87         SH:  0    Dex: 21    Spells: 4/5 levels left

rFire   . . .      SeeInvis .   a - +1 hand crossbow
rCold   . . .      Faith    .   (no shield)
rNeg    . . .      Spirit   .   g - +0 robe
rPois   .          Reflect  .   (no helmet)
rElec   .          Harm     .   (no cloak)
rCorr   .          Rampage  .   (no gloves)
Will    .....                   (no boots)
Stlth   +++.......              (no amulet)
HPRegen 0.06/turn               d - +6 ring of dexterity
MPRegen 0.09/turn               (no ring)

@: no status effects
A: small, no large weapons, nightstalker 3, no fire magic, no translocations
magic, no transmutations magic
a: Renounce Religion


You were on level 3 of the Dungeon.
You worshipped Ru.
Ru was aware of your devotion.
You visited 1 branch of the dungeon, and saw 3 of its levels.

You collected 87 gold pieces.

Inventory:

Hand Weapons
 a - a +1 hand crossbow (weapon)
Armour
 f - a +0 ring mail
 g - a +0 robe (worn)
Jewellery
 d - a +6 ring of dexterity (left hand)
Scrolls
 b - 3 scrolls of noise {unknown}
 c - a scroll of vulnerability
 e - a scroll of enchant armour {unknown}
 h - a scroll of teleportation {unknown}
 i - a scroll of acquirement {unknown}
Potions
 k - a potion of lignification {unknown}
 l - a potion of degeneration {unknown}
 m - a potion of ambrosia {unknown}


   Skills:
 + Level 1.4 Fighting
 * Level 3.2 Crossbows
 * Level 0.9 Armour
 + Level 2.6 Dodging
 * Level 1.7 Spellcasting
 + Level 3.1 Hexes


You had 4 spell levels left.
You knew the following spells:

 Your Spells              Type           Power      Damage    Failure   Level
a - Slow                  Hex            40%        N/A       7%          1

Your spell library contained the following spells:

 Spells                   Type           Power      Damage    Failure   Level
 Cause Fear               Hex            5%         N/A       56%         4
 Inner Flame              Hex/Fire       Unusable   N/A       N/A         3
 Portal Projectile        Hex/Tloc       Unusable   N/A       N/A         3

Dungeon Overview and Level Annotations

Branches:
Dungeon (3/15)

Altars:
Ru

Annotations:
D:3 Ijyb


Innate Abilities, Weirdness & Mutations

You are small and have problems with some larger weapons.
You are completely attuned to the shadows.
You cannot study or cast Fire magic.
You cannot study or cast Translocations magic.
You cannot study or cast Transmutations magic.


Message History

Ijyb is no longer moving slowly.
The iguana closely misses you.
Ijyb zaps a wand.
You resist with significant effort.
Shoot: a) +1 hand crossbow
Press: ? - help, Shift-Dir - straight line, f - iguana, p - Ijyb
Aim: an iguana (69% to hit)
You shoot a bolt. The bolt barely misses the iguana.
The iguana barely misses you. Ijyb completely misses you.
Shoot: a) +1 hand crossbow
Press: ? - help, Shift-Dir - straight line, f/p - iguana
Aim: an iguana (69% to hit)
You shoot a bolt. The bolt closely misses the iguana.
The iguana misses you.
Ijyb zaps a wand.
You resist with significant effort. The iguana closely misses you.
Ijyb completely misses you.
Shoot: a) +1 hand crossbow
Press: ? - help, Shift-Dir - straight line, f/p - iguana
Aim: an iguana (69% to hit)
You shoot a bolt. The bolt hits the iguana.
The iguana is lightly wounded.
The iguana bites you! Ijyb hits you with a +0 club.
* * * LOW HITPOINT WARNING * * *
Aiming: Slow (safe; 7% risk of failure)
Press: ? - help, Q - select action, (/) - cycle Shift-Dir - straight line, f/p - iguana
Aim: an iguana (lightly wounded, chance to affect: 57%)
Okay, then.
Okay, then.
Shoot: a) +1 hand crossbow
Press: ? - help, Shift-Dir - straight line, f/p - iguana
Aim: an iguana (lightly wounded, 69% to hit)
You shoot a bolt. The bolt closely misses the iguana.
The iguana bites you but does no damage.
Ijyb misses you.
Shoot: a) +1 hand crossbow
Press: ? - help, Shift-Dir - straight line, f - Ijyb, p - iguana
Aim: Ijyb, wielding a +0 club, wearing a +0 ring mail and carrying a wand of paralysis (2) (severely wounded, 62% to hit)
You shoot a bolt. The bolt hits Ijyb but does no damage.
Ijyb is severely wounded.
The iguana closely misses you. Ijyb hits you with a +0 club.
* * * LOW HITPOINT WARNING * * *
The iguana bites you!
You die...

#. #.# ...#.#
#..#.# #..g.#
...l@# .#.#.#
.#.#.#######
...........#
.#.#.####..#
...#.###...## #>
#.##..+..#### ####
#.#..#+#..#.###...
#...##.##..#....##


You could see Ijyb and an iguana.

Vanquished Creatures
  An adder (D:3)
  2 dart slugs
  An endoplasm (D:1)
  A giant cockroach (D:1)
  4 goblins (D:1)
  A hobgoblin (D:1)
  A quokka (D:2)
  4 ball pythons (D:1)
  A frilled lizard (D:1)
  A kobold (D:1)
  A rat (D:1)
18 creatures vanquished.

Notes
Turn   | Place    | Note
-------+----------+-------------------------------------------
     0 | D:1      | lesaewzxc the Kobold Arcane Marksman began the quest for
                  | the Orb.
     0 | D:1      | Reached XP level 1. HP: 12/12 MP: 2/2
    57 | D:1      | Found a faded altar of an unknown god.
    89 | D:1      | Prayed at the altar of an unknown god.
    89 | D:1      | Became a worshipper of Ru the Awakened
   159 | D:1      | Reached XP level 2. HP: 3/16 MP: 3/3
   824 | D:2      | Reached XP level 3. HP: 19/20 MP: 5/5
  1022 | D:3      | Gained mutation: You cannot study or cast Fire magic. [Ru
                  | sacrifice]
  1022 | D:3      | Gained mutation: You cannot study or cast Transmutations
                  | magic. [Ru sacrifice]
  1022 | D:3      | Gained mutation: You cannot study or cast Translocations
                  | magic. [Ru sacrifice]
  1022 | D:3      | Reached * piety under Ru
  1132 | D:3      | Noticed Ijyb
  1136 | D:3      | Paralysed by Ijyb for 5 turns
  1158 | D:3      | Slain by an iguana

Illustrated notes

Levels and vault maps discovered:
D:1:      grunt_arrival_lava_bath, layout_basic,
          hellmonk_ecumenical_altar_pennies_from_heaven
D:2:      layout_basic, basic_altar
D:3:      layout_loops_ring, mainiacjoe_overflow_paths,
          mainiacjoe_overflow_surrounded_room, minmay_misc_feat_five,
          grunt_decor_arrowhead, uniq_jessica, uniq_grinder, uniq_ijyb,
          uniq_crazy_yiuf_cottage

Skill      XL: |  1  2 |
---------------+-------+-----
Crossbows      | 3 |  3.2
Fighting       | |  1.4
Armour         | |  0.9
Dodging        | |  2.6
Spellcasting   | |  1.7
Hexes          | |  3.1

Action                   || total
-------------------------++-------
 Fire: Hand crossbow     ||    77
 Cast: Slow              ||     3
Invok: Sacrifice Arcana  ||     1
  Use: Potion            ||     3
       Scroll            ||     1
Armor: Robe              ||     7
Dodge: Dodged            ||    41

Table legend: (Time is in decaauts)
 A = Elapsed time spent in this place.
 B = Non-inter-level travel time spent in this place.
 C = Inter-level travel time spent in this place.
 D = Time resting spent in this place.
 E = Time spent auto-exploring this place.
 F = Levels seen in this place.
 G = Mean time per level.
                   A        B        C        D        E       F      G
               +--------+--------+--------+--------+--------+-----+--------+
         Total |   1185 |   1170 |     15 |      0 |    236 |   3 |  395.0 |
       Dungeon |   1185 |   1170 |     15 |      0 |    236 |   3 |  395.0 |
               +--------+--------+--------+--------+--------+-----+--------+

Top non-repeatable levels by time:
     D:1: 738 daAuts
     D:2: 223 daAuts
     D:3: 222 daAuts
